 Dungeon Crawl Stone Soup version 0.23.2-1-ga50397a6bc (webtiles) character file.

Game seed: 3266344075009983337

103 Kobolds4U the Slasher (level 4, -1/37 HPs)
             Began as a Demonspawn Berserker on Apr 23, 2019.
             Was a Believer of Trog.
             Slain by Crazy Yiuf
             ... wielding a +4 quarterstaff of chaos
              (6 damage)
             ... on level 2 of the Dungeon.
             The game lasted 00:03:00 (1685 turns).

Kobolds4U the Slasher (Demonspawn Berserker)        Turns: 1685, Time: 00:03:00

Health: -1/37      AC:  5    Str: 17    XL:     4   Next: 51%
Magic:  4/4        EV: 12    Int:  9    God:    Trog [**....]
Gold:   108        SH:  0    Dex: 13    Spells: 3/3 levels left

rFire    . . .     SeeInvis .   h - +1 short sword (venom)
rCold    . . .     Gourm    .   (no shield)
rNeg     . . .     Faith    .   b - +0 animal skin
rPois    .         Spirit   .   e - +1 hat
rElec    .         Reflect  .   (no cloak)
rCorr    .         Harm     .   (no gloves)
MR       .....                  (no boots)
Stlth    +.........             (no amulet)
HPRegen  0.12/turn              (no ring)
MPRegen  0.09/turn              (no ring)

@: no status effects
A: slimy green scales 1, powered by death 2
a: Berserk, Trog's Hand, Renounce Religion


You were on level 2 of the Dungeon.
You worshipped Trog.
Trog was pleased with you.
You were not hungry.

You visited 1 branch of the dungeon, and saw 2 of its levels.

You collected 108 gold pieces.

Inventory:

Hand Weapons
 a - a +0 falchion
 h - a +1 short sword of venom (weapon)
 r - a +4 short sword of speed
Missiles
 p - 49 stones (quivered)
Armour
 b - a +0 animal skin (worn)
 e - a +1 hat (worn)
Jewellery
 k - an uncursed amulet of regeneration {unknown}
Wands
 s - a wand of enslavement (9)
Scrolls
 f - 2 scrolls of identify {unknown}
 i - a scroll of magic mapping {unknown}
 l - a scroll of teleportation {unknown}
 o - a scroll of remove curse {unknown}
Potions
 d - a potion of lignification {unknown}
 g - a potion of flight {unknown}
 j - a potion of mutation {unknown}
 n - a potion of degeneration {unknown}
 q - a potion of ambrosia {unknown}
Comestibles
 c - 7 rations
 m - 3 chunks of flesh


   Skills:
 + Level 3.9 Fighting
 * Level 4.2 Long Blades
 - Level 1.7 Armour
 - Level 1.7 Dodging


You had 3 spell levels left.
You didn't know any spells.
Your spell library was empty.

Dungeon Overview and Level Annotations

Branches:
Dungeon (2/15)

Altars:

Annotations:
D:2 Crazy Yiuf


Innate Abilities, Weirdness & Mutations

You are partially covered in slimy green scales. (AC +2)
You regenerate health from kills.


Message History

Crazy Yiuf hits you with a +4 quarterstaff of chaos!
Crazy Yiuf freezes you.
There is an open translucent door, spattered with blood here.
You are too injured to fight recklessly!
You are too injured to fight recklessly!
You are too injured to fight recklessly!
You are too injured to fight recklessly!
You are too injured to fight recklessly!
You are too injured to fight recklessly!
You are too injured to fight recklessly!
You hit Crazy Yiuf.
Crazy Yiuf is lightly wounded.
Crazy Yiuf hits you with a +4 quarterstaff of chaos!
* * * LOW HITPOINT WARNING * * *
Crazy Yiuf burns you.
* * * LOW HITPOINT WARNING * * *
You hit Crazy Yiuf.
Crazy Yiuf is moderately wounded.
Crazy Yiuf hits you with a +4 quarterstaff of chaos.
You die...

##### #..)#
#...# #.g.#
#@# ♣♣.♣
♣.♣♣ ♣♣.♣
♣.♣♣ ###
♣♣.♣♣ ..#
♣...♣♣
..#######
♣P.P.♣
........####
#....#


You could see Crazy Yiuf.

Vanquished Creatures
  5 adders (D:2)
  3 worms (D:2)
  2 dart slugs
  A leopard gecko (D:2)
  2 giant cockroaches
  2 goblins (D:2)
  9 hobgoblins
  2 jackals (D:2)
  8 kobolds
  3 quokkas (D:2)
  2 bats (D:2)
  A frilled lizard (D:2)
  3 rats (D:2)
43 creatures vanquished.

Notes
Turn   | Place    | Note
-------+----------+-------------------------------------------
     0 | D:1      | Kobolds4U the Demonspawn Berserker began the quest for the
                  | Orb.
     0 | D:1      | Reached XP level 1. HP: 18/18 MP: 1/1
   487 | D:1      | Reached skill level 3 in Long Blades
   690 | D:1      | Gained mutation: You regenerate a little health from kills.
                  | [demonic ancestry]
   690 | D:1      | Reached XP level 2. HP: 23/24 MP: 2/2
  1219 | D:2      | Gained mutation: You regenerate health from kills. [demonic
                  | ancestry]
  1219 | D:2      | Reached XP level 3. HP: 26/29 MP: 3/3
  1376 | D:2      | Reached ** piety under Trog
  1376 | D:2      | Reached skill level 4 in Long Blades
  1376 | D:2      | Gained mutation: You are partially covered in slimy green
                  | scales. (AC +2) [demonic ancestry]
  1376 | D:2      | Reached XP level 4. HP: 28/37 MP: 4/4
  1678 | D:2      | Found a runed translucent door.
  1679 | D:2      | Noticed Crazy Yiuf
  1685 | D:2      | Slain by Crazy Yiuf

Skill      XL: |  1  2  3 |
---------------+----------+-----
Long Blades    | 3 4 |  4.2
Fighting       | |  3.9
Armour         | |  1.7
Dodging        | |  1.7

Action                   |  1- 3 |  4- 6 || total
-------------------------+-------+-------++-------
Melee: Short sword       |    74 |    47 ||   121
       Falchion          |     8 |       ||     8
Invok: Berserk           |       |     1 ||     1
 Stab: Sleeping          |     1 |       ||     1
  Eat: Chunk             |     1 |     2 ||     3
Armor: Animal skin       |    18 |    18 ||    36
Dodge: Dodged            |    57 |    58 ||   115
       Rpst.: Falchion   |     2 |       ||     2
